Map: Ruins of Endion

Players

QuantumCat - Winner!

  • Race: Terran Terran
  • League: Silver
  • Spawn Location: 5:00

Fropez

  • Race: Protoss Protoss
  • League: Silver
  • Spawn Location: 7:00

VOD

Have the link to the VOD?

Description

Time

  • Played on: May 17, 2016, 9:41 p.m.
  • Length: 18:16
Show
View Real Time Build Order
Export as new Build Order

QuantumCat Terran - Winner!

Build Orders: 1/1/1 

Get SALT Encoding   

  12  0:01  SCV  
  13  0:13  SCV  
  14  0:18  Supply Depot  
  14  0:25  SCV  
  15  0:29  Refinery  
  15  0:39  SCV  
  16  0:46  Barracks  
  16  0:51  SCV  
  17  1:04  SCV  
  18  1:05  Refinery  
  18  1:16  SCV  
  19  1:28  SCV  
  20  1:33  Factory  
  20  1:34  Marine  
  21  1:43  Orbital Command  
  21  2:05  Barracks Reactor  
  21  2:14  Supply Depot  
  21  2:19  Starport  
  21  2:26  Armory  
  21  2:27  Factory Tech Lab  
  21  2:40  Marine  
  21  2:41  Marine  
  23  2:57  Starport Reactor  
  23  3:00  Marine x2  
  25  3:13  Supply Depot, Thor  
  31  3:29  Marine x2  
  33  3:35  Medivac  
  35  3:47  Marine x2  
  34  4:05  Marine x2  
  34  4:07  Medivac  
  38  4:13  Siege Tank  
  41  4:22  Marine x2  
  43  4:38  Command Center  
  43  4:55  Liberator  
  43  5:05  Marine x2  
  46  5:23  Marine  
  46  5:27  Marine  
  47  5:47  Marine  
  47  5:48  Marine  
  40  6:09  Thor  
  46  6:13  Orbital Command  
  46  6:22  Marine x2  
  48  6:28  Barracks  
  48  6:30  Barracks  
  48  6:32  Orbital Command  
  48  6:36  Engineering Bay  
  48  6:58  SCV  
  48  6:59  SCV  
  50  7:07  Medivac x2  
  54  7:10  Marine x2  
  54  7:13  SCV  
  54  7:14  Terran Vehicle Weapons Level 1  
  57  7:20  Barracks Reactor, Barracks Tech Lab  
  57  7:24  Siege Tank  
  57  7:27  Refinery  
  60  7:43  SCV x2  
  62  7:51  Refinery, Missile Turret  
  62  8:00  Stimpack  
  62  8:07  Supply Depot  
  62  8:28  Marine x2, SCV x2, Reaper  
  67  8:41  SCV x2, Command Center  
  69  9:30  Marauder  
  60  11:53  Liberator x2  
  60  12:00  Marine x3  
  60  12:01  Marine x2  
  65  12:03  Planetary Fortress  
  65  12:12  Barracks  
  65  12:13  Barracks  
  65  12:14  Barracks  
  71  12:18  Marine x5, Supply Depot  
  71  12:19  Supply Depot  
  75  12:36  Liberator x2  
  81  13:01  Marine x5  
  86  13:18  Marine  
  86  13:19  Marine x2, Liberator x2  
  55  14:02  Liberator x2  
  45  14:03  Marine x5  
  45  14:07  Barracks Tech Lab x2  
  45  14:09  Barracks Reactor  
  50  14:11  Thor  
  50  14:13  Terran Vehicle Weapons Level 2  
  56  14:20  Marine  
  56  14:21  Marine x2  
  56  14:22  Marauder  
  67  14:47  Command Center  
  67  14:49  Marine  
  67  14:50  Marine x2  
  67  14:51  Marauder x3  
  67  14:52  Marine x3  
  79  14:57  Terran Infantry Weapons Level 1  
  79  15:07  Marine x2  
  79  15:12  Marauder x2  
  79  15:13  Marauder  
  87  15:34  Marauder  
  86  15:56  Marine x3  
  86  15:57  Marine x4  
  89  15:58  Marauder x2  
  96  16:14  Marine x3  
  96  16:15  Marauder  
  101  16:21  Marine x2  
  101  16:22  Marine x3  
  106  16:26  Planetary Fortress  
  106  16:32  Marine x3  
  96  17:12  Marine x2  
  96  17:13  Marine x2  
  96  17:14  Marine x2, Marauder x3  
  91  17:30  Marine x3  
  91  17:35  Marauder  
Show
View Real Time Build Order
Export as new Build Order

Fropez Protoss 

Build Orders:  

Get SALT Encoding   

  12  0:01  Probe (Chrono Boost)  
  13  0:15  Pylon  
  13  0:20  Probe (Chrono Boost)  
  14  0:27  Assimilator  
  14  0:41  Gateway  
  14  0:48  Probe (Chrono Boost)  
  15  1:02  Probe (Chrono Boost), Gateway  
  16  1:13  Probe (Chrono Boost)  
  16  1:18  Assimilator  
  17  1:23  Probe (Chrono Boost)  
  18  1:35  Probe (Chrono Boost)  
  19  1:42  Pylon  
  19  1:49  Cybernetics Core  
  19  1:54  Probe (Chrono Boost)  
  20  2:08  Probe (Chrono Boost)  
  20  2:23  Probe (Chrono Boost)  
  20  2:25  Stalker  
  20  2:27  Stalker  
  25  2:31  Warp Gate (Chrono Boost)  
  25  2:34  Probe  
  27  2:55  Stalker  
  27  2:57  Stalker  
  30  3:04  Pylon, Probe  
  31  3:19  Pylon  
  31  3:22  Probe  
  32  3:27  Stalker  
  34  3:34  Probe  
  33  4:08  Mothership Core  
  35  4:21  Pylon, Gateway  
  35  4:22  Pylon  
  35  4:24  Gateway  
  35  4:28  Stalker x2  
  35  4:29  Probe  
  40  4:41  Probe  
  41  4:53  Probe  
  42  5:02  Forge  
  42  5:08  Nexus  
  38  5:31  Stalker  
  38  5:50  Pylon  
  32  6:07  Protoss Ground Weapons Level 1 (Chrono Boost)  
  32  6:12  Probe  
  33  6:24  Probe  
  34  6:34  Probe, Assimilator  
  34  6:38  Assimilator  
  35  6:42  Gateway  
  35  6:43  Gateway  
  35  6:47  Pylon  
  35  7:02  Cybernetics Core  
  35  7:03  Pylon  
  35  7:05  Probe x2  
  35  7:07  Pylon  
  37  7:15  Probe  
  37  7:17  Probe  
  39  7:24  Photon Cannon  
  39  7:33  Probe x2  
  39  7:35  Photon Cannon  
  41  7:43  Probe  
  41  7:51  Probe  
  43  8:02  Pylon  
  43  8:03  Protoss Ground Armor Level 1 (Chrono Boost)  
  43  8:07  Twilight Council, Probe  
  43  8:08  Probe  
  44  8:31  Probe x2  
  46  8:42  Forge  
  46  8:44  Probe  
  48  8:49  Mothership Core  
  48  8:53  Zealot, Robotics Facility  
  48  8:54  Probe  
  48  8:55  Robotics Facility  
  52  9:05  Probe  
  53  9:20  Stalker  
  53  9:21  Stalker x3  
  55  9:36  Stalker x2  
  55  9:42  Protoss Ground Armor Level 2 (Chrono Boost)  
  55  9:47  Protoss Ground Weapons Level 2 (Chrono Boost)  
  55  9:58  Stalker x3  
  61  10:01  Immortal  
  65  10:13  Photon Cannon  
  65  10:15  Photon Cannon  
  65  10:16  Pylon  
  65  10:21  Probe, Blink (Chrono Boost)  
  65  10:22  Probe  
  67  10:33  Cybernetics Core  
  53  10:50  Zealot x3  
  53  10:51  Zealot x2  
  53  11:02  Immortal x2 (Chrono Boost)  
  55  11:05  Zealot x2  
  55  11:23  Cybernetics Core  
  55  11:28  Stalker x3  
  59  11:53  Stalker x2  
  59  11:54  Stalker  
  65  12:05  Gateway  
  65  12:09  Gateway  
  65  12:11  Probe x2  
  65  12:12  Immortal  
  67  12:17  Gateway  
  67  12:18  Gateway  
  71  12:27  Gateway  
  71  12:38  Pylon  
  65  12:55  Stalker  
  65  12:56  Stalker  
  69  13:01  Stalker  
  66  13:23  Stalker  
  66  13:24  Stalker x3  
  66  13:25  Stalker x2  
  70  14:06  Probe  
  71  14:18  Probe  
  71  14:20  Nexus  
  71  14:23  Assimilator  
  72  14:28  Assimilator  
  72  14:30  Probe  
  73  14:49  Observer x2  
  75  14:54  Probe  
  76  15:06  Probe  
  77  15:18  Stalker  
  76  15:43  Probe  
  76  15:45  Probe  
  78  15:53  Probe  
  79  16:00  Nexus  
  79  16:09  Probe  
  79  16:10  Probe  
  81  16:15  Stalker x2  
  85  16:24  Probe  
  87  16:25  Probe  
  87  16:32  Pylon  
  87  16:34  Probe  
  82  17:02  Stalker x4  
  86  17:22  Pylon  
  65  17:34  Stalker x3  
  71  17:40  Probe  
  71  17:43  Probe  
  70  17:52  Stalker x2  
  70  17:53  Probe  
Tags
 
Matchup
PvT
Opening
1/1/1
Replay Pack
All Mines
Spawn Locations
Close Positions
Add a new tag
Caveats
  • Supply blocks, unpowered buildings, or Contaminate may cause inaccurate times.
  • Supply counts are checked every 10 seconds.